 Dungeon Crawl Stone Soup version 0.31-a0-152-g6aa68a64a1 (webtiles) character file.

Game seed: 5323017963764875200

2425 qw the Skirmisher (level 9, -1/79 HPs)
             Began as a Minotaur Hunter on June 10, 2023.
             Slain by Maggie
             ... wielding a +1 scimitar of distortion
              (4 damage)
             ... on level 7 of the Dungeon.
             The game lasted 00:02:27 (4908 turns).

qw the Skirmisher (Minotaur Hunter)                 Turns: 4908, Time: 00:02:28

Health: -1/79      AC: 11    Str: 17    XL:     9   Next: 24%
Magic:  8/8        EV: 14    Int:  6    God:
Gold:   285        SH:  5    Dex: 17    Spells: 8/8 levels left

rFire   + . .        Y - +0 orcbow
rCold   . . .        (shield currently unavailable)
rNeg    . . .        j - +3 leather armour {rPois}
rPois   +            (helmet restricted)
rElec   .            e - +0 cloak "Ciecsiga" {Fly rF+ Regen+}
rCorr   +            d - +2 pair of gloves
SInv    .            h - +0 pair of boots
Will    .....        u - amulet of reflection
Stlth   ++           q - ring of resist corrosion
HPRegen 1.13/turn    (no ring)
MPRegen 0.11/turn

%: reflection
@: about to teleport, marked, flying
A: horns 2, retaliatory headbutt
a: no special abilities


You were on level 7 of the Dungeon.
You visited 1 branch of the dungeon, and saw 7 of its levels.

You collected 1245 gold pieces.
You spent 960 gold pieces at shops.


Innate Abilities, Weirdness & Mutations

You have a pair of horns on your head.
You reflexively headbutt those who attack you in melee.


   Skills:
 - Level 7.1 Fighting
 - Level 11.7 Ranged Weapons
 + Level 2.3 Armour
 - Level 5.3 Dodging
 - Level 0.7 Stealth


You had 8 spell levels left.
You didn't know any spells.
Your spell library was empty.

Inventory:

Hand Weapons
 Y - a +0 orcbow (weapon)
Armour
 d - a +2 pair of gloves (worn)
 e - the +0 cloak "Ciecsiga" (worn) {Fly rF+ Regen+}
   (You acquired it on level 1 of the Dungeon)

   rF:        It protects you from fire.
   Fly:       It grants you flight.
   Regen:     It increases your rate of health regeneration.
 h - a +0 pair of boots (worn)
 j - a +3 leather armour of poison resistance (worn)
Jewellery
 m - a ring of fire
 q - a ring of resist corrosion (left hand)
 u - an amulet of reflection (around neck)
 v - a ring of ice
 w - a ring of ice
Scrolls
 a - a scroll of identify
 r - 3 scrolls of teleportation
Potions
 f - a potion of cancellation
 i - 2 potions of curing
 l - a potion of haste
 p - a potion of heal wounds
 s - a potion of magic {unknown}

Dungeon Overview and Level Annotations

Branches:
Dungeon (7/15)
 Temple: D:4-7

Altars:
Cheibriados
Dithmenos
Gozag
Uskayaw
Wu Jian
Zin
The Shining One

Shops:
D:6 =   D:7 [

Annotations:
D:1 2 transporters
D:7 Maggie


Message History

The arrow closely misses the orc warrior.
The orc warrior hits you but does no damage.
The orc wizard mumbles some strange words.
The orc wizard flickers and vanishes!
Deactivating autopickup; reactivate with Ctrl-A.
The orc priest barely misses you. You furiously retaliate!
You headbutt the orc priest!
The orc warrior hits you with a +1 battleaxe of flaming.
Maggie smiles, but it's obviously fake.
Maggie hits you with a +1 scimitar of distortion!
Space warps horribly around you!
You shoot an arrow. The arrow hits the orc priest.
The orc priest is almost dead.
You break out of your daze.
The orc warrior hits you with a +1 battleaxe of flaming.
The orc warrior burns you.
The orc warrior hits you from afar with a +0 trident!
Maggie mumbles the words to a spell, but in the wrong order.
Maggie gestures wildly while chanting.
Maggie attempts to bespell you! You resist.
You shoot an arrow.
The arrow closely misses the orc priest.
A bullfrog comes into view.
The orc warrior barely misses you. x2; You furiously retaliate!
You headbutt the orc warrior. Maggie closely misses you.
The orc priest calls down the wrath of Beogh upon you.
Pain shoots through your body!
You shoot an arrow.
The arrow closely misses the orc priest.
The orc warrior barely misses you.
The sky beast flickers out of sight!
Something hits you. Something shocks you. You block the orc warrior's attack.
The orc priest completely misses you. Maggie barely misses you.
4908 ||| READING 4 scrolls of teleportation.
As you read the scroll of teleportation, it crumbles to dust.
You feel strangely unstable.
A bullfrog comes into view.
You block the orc warrior's attack. The orc warrior closely misses you.
Something hits you. Something shocks you.
Maggie hits you with a +1 scimitar of distortion.
You die...

###.#..#...
#.F.## ..
##..##
#..........Y..
#.####F.###...
# ##fo. .
###.###{o#o.
......o@{##..
#......@o# ...
#.[......# ....
#..\.......
..[..........
#........##....
##.......# ....
.......... .##
#####.#.#. #


You could see Maggie, 2 orc warriors, a sleepcap, 2 bullfrogs, an orc priest and
an orc.

Vanquished Creatures
  Sigmund (D:3)
  Eustachio (D:4)
  A steam dragon (D:6)
  Menkaure (D:4)
  Duvessa (D:6)
  An ice beast (D:5)
  A centaur (D:6)
  An ogre (D:6)
  3 phantoms
  A kobold brigand (D:6)
  5 scorpions
  Dowan (D:6)
  3 killer bees (D:6)
  A howler monkey (D:6)
  3 jellies
  A gnoll bouda (D:4)
  2 orc priests
  Jessica (D:2)
  Natasha (twice) (D:3)
  Ijyb (D:3)
  2 sleepcaps (D:5)
  2 iguanas
  3 orc wizards
  4 gnolls (D:4)
  9 adders
  A shadow imp (D:6)
  A white imp (D:7)
  2 ufetubi
  11 dart slugs
  11 orcs
  8 ball pythons
  4 bats
  4 endoplasms
  A giant cockroach (D:4)
  5 hobgoblins
  4 jackals (D:5)
  11 kobolds
  3 quokkas
  3 frilled lizards
  8 goblins
  6 rats
135 creatures vanquished.

Notes
Turn   | Place    | Note
-------+----------+-------------------------------------------
     0 | D:1      | qw the Minotaur Hunter began the quest for the Orb.
     0 | D:1      | Reached XP level 1. HP: 18/18 MP: 0/0
     0 | D:1      | 0 ||| qw: Version: 0.2-a-122-gbc61b45
     0 | D:1      | 0 ||| qw: Game counter: 3529
     0 | D:1      | 0 ||| qw: Always use a shield: true
     0 | D:1      | 0 ||| qw: God list: Okawaru
     0 | D:1      | 0 ||| qw: Allow faded altars: false
     0 | D:1      | 0 ||| qw: Do Orc after D:15 true
     0 | D:1      | 0 ||| qw: Do second Lair branch before Depths: true
     0 | D:1      | 0 ||| qw: Lair rune preference: random
     0 | D:1      | 0 ||| qw: Plans: Normal
     0 | D:1      | 0 ||| PLANNING D:1-11
   322 | D:1      | Reached XP level 2. HP: 25/25 MP: 1/1
   323 | D:1      | Reached skill level 5 in Ranged Weapons
   622 | D:1      | Reached skill level 3 in Fighting
   795 | D:1      | 795 ||| UPGRADING to +2 pair of gloves.
   800 | D:1      | 800 ||| DROPPING ring of magical power.
   801 | D:1      | 801 ||| READING 2 scrolls labelled FAGAIR PIESM.
   802 | D:1      | 802 ||| READING 2 scrolls labelled ONETET WUITH.
   803 | D:1      | 803 ||| READING 2 scrolls labelled DANEYKEGIF.
   803 | D:1      | Identified 2 scrolls of acquirement
   803 | D:1      | 803 ||| ACQUIRING 883 gold pieces
   803 | D:1      | Acquired 883 gold pieces
   804 | D:1      | 804 ||| READING scroll of acquirement.
   804 | D:1      | 804 ||| ACQUIRING +0 cloak "Ciecsiga" {Fly rF+ Regen+}
   804 | D:1      | Acquired the +0 cloak "Ciecsiga" {Fly rF+ Regen+}
   806 | D:1      | 806 ||| UPGRADING to +0 cloak "Ciecsiga" {Fly rF+ Regen+}.
   811 | D:1      | 811 ||| DROPPING scroll of butterflies.
   812 | D:1      | 812 ||| DROPPING scroll of vulnerability.
   845 | D:2      | Reached XP level 3. HP: 31/31 MP: 2/2
   908 | D:2      | Reached skill level 1 in Armour
  1057 | D:2      | Identified the +1 leather armour of Yruy {*Corrode Fly
                  | Int+3}
  1397 | D:2      | Noticed Jessica
  1406 | D:2      | Killed Jessica
  1496 | D:2      | Reached XP level 4. HP: 38/38 MP: 3/3
  1703 | D:2      | 1703 ||| DROPPING +6 ring of intelligence.
  1704 | D:2      | 1704 ||| READING scroll labelled EVECEO HAUXOM.
  1708 | D:2      | 1708 ||| READING scroll labelled SESKERCH NUNOSAK.
  1768 | D:3      | Reached skill level 6 in Ranged Weapons
  1792 | D:3      | 1792 ||| FLEEEEING.
  1804 | D:3      | Noticed Natasha
  1808 | D:3      | 1808 ||| Stepping ~*~*~tactically~*~*~ (outnumbered).
  1810 | D:3      | Killed Natasha
  1824 | D:3      | Noticed Sigmund
  1853 | D:3      | Killed Sigmund
  1854 | D:3      | Reached skill level 7 in Ranged Weapons
  1854 | D:3      | Reached XP level 5. HP: 26/46 MP: 4/4
  1854 | D:3      | Reached XP level 6. HP: 29/52 MP: 5/5
  1875 | D:3      | Found an ornate altar of the Wu Jian Council.
  1940 | D:3      | Found an opulent altar of Gozag.
  2011 | D:3      | Noticed Ijyb
  2021 | D:3      | Killed Ijyb
  2035 | D:3      | Noticed Natasha
  2041 | D:3      | Killed Natasha
  2390 | D:3      | 2390 ||| UPGRADING to +2 robe of willpower.
  2400 | D:3      | 2400 ||| DROPPING +0 leather armour.
  2401 | D:3      | 2401 ||| UPGRADING to +0 pair of boots.
  2525 | D:4      | 2525 ||| Stepping ~*~*~tactically~*~*~ (outnumbered).
  2539 | D:4      | Reached skill level 8 in Ranged Weapons
  2569 | D:4      | Noticed Eustachio
  2583 | D:4      | Killed Eustachio
  2584 | D:4      | Reached XP level 7. HP: 59/59 MP: 6/6
  2589 | D:4      | Identified the +1 flail of Keymof {flame, Contam +Blink
                  | Dex+2}
  2638 | D:4      | Noticed Menkaure
  2648 | D:4      | Killed Menkaure
  3256 | D:4      | 3256 ||| FLEEEEING.
  3257 | D:4      | 3257 ||| FLEEEEING.
  3258 | D:4      | 3258 ||| FLEEEEING.
  3319 | D:4      | 3319 ||| UPGRADING to ring of resist corrosion.
  3320 | D:4      | 3320 ||| READING 2 scrolls labelled OMOTEY DEM RAG.
  3321 | D:4      | 3321 ||| READING scroll labelled WIZERUQAOT.
  3322 | D:4      | 3322 ||| DRINKING 2 fizzy white potions.
  3323 | D:4      | 3323 ||| DRINKING 2 fizzy green potions.
  3324 | D:4      | 3324 ||| READING 2 scrolls of identify.
  3324 | D:4      | 3324 ||| IDENTIFYING fuming brown potion
  3325 | D:4      | 3325 ||| DROPPING scroll of blinking.
  3327 | D:4      | 3327 ||| Stepping ~*~*~tactically~*~*~ (cloud).
  3368 | D:5      | Entered Level 5 of the Dungeon
  3437 | D:5      | Found a snail-covered altar of Cheibriados.
  3437 | D:5      | Found a glowing golden altar of the Shining One.
  3437 | D:5      | Found a hide-covered altar of Uskayaw.
  3437 | D:5      | Found a shadowy altar of Dithmenos.
  3450 | D:5      | Reached skill level 9 in Ranged Weapons
  3494 | D:5      | Reached XP level 8. HP: 67/70 MP: 7/7
  3553 | D:5      | Reached skill level 6 in Fighting
  3561 | D:5      | Found a glowing silver altar of Zin.
  3825 | D:5      | Reached skill level 10 in Ranged Weapons
  3836 | D:5      | 3836 ||| DROPPING ring of flight.
  3837 | D:5      | 3837 ||| READING scroll labelled NEAROU LUBRUWN.
  3838 | D:5      | 3838 ||| READING 3 scrolls of identify.
  3838 | D:5      | 3838 ||| IDENTIFYING bubbling red potion
  3839 | D:5      | 3839 ||| READING 2 scrolls of identify.
  3839 | D:5      | 3839 ||| IDENTIFYING red potion
  3840 | D:5      | 3840 ||| DROPPING potion of brilliance.
  3841 | D:5      | 3841 ||| DROPPING potion of attraction.
  4102 | D:6      | Reached skill level 11 in Ranged Weapons
  4131 | D:6      | Found Fubeeli's Jewellery Emporium.
  4179 | D:6      | Noticed Duvessa
  4179 | D:6      | Noticed Dowan
  4182 | D:6      | 4182 ||| Stepping ~*~*~tactically~*~*~ (outnumbered).
  4185 | D:6      | Reached XP level 9. HP: 68/79 MP: 8/8
  4197 | D:6      | 4197 ||| Stepping ~*~*~tactically~*~*~ (outnumbered).
  4206 | D:6      | Killed Duvessa
  4226 | D:6      | Killed Dowan
  4377 | D:6      | 4377 ||| SWAPPING to +0 orcbow.
  4378 | D:6      | 4378 ||| DROPPING +0 shortbow.
  4640 | D:6      | Identified the +1 robe "Sadefal" {Int+3}
  4661 | D:6      | 4661 ||| BUYING amulet of reflection (360 gold).
  4661 | D:6      | Bought an amulet of reflection for 360 gold pieces
  4661 | D:6      | 4661 ||| BUYING ring of ice (300 gold).
  4661 | D:6      | Bought a ring of ice for 300 gold pieces
  4661 | D:6      | 4661 ||| BUYING ring of ice (300 gold).
  4661 | D:6      | Bought a ring of ice for 300 gold pieces
  4661 | D:6      | 4661 ||| SHOPLISTING ring of protection from fire (300
                  | gold, have 268).
  4661 | D:6      | 4661 ||| SHOPLISTING ring of willpower (300 gold, have
                  | 268).
  4828 | D:6      | 4828 ||| DROPPING +1 leather armour of Yruy {*Corrode Fly
                  | Int+3}.
  4829 | D:6      | 4829 ||| DROPPING +0 steam dragon scales.
  4830 | D:6      | 4830 ||| UPGRADING to +3 leather armour of poison
                  | resistance.
  4840 | D:6      | 4840 ||| DROPPING +2 robe of willpower.
  4841 | D:6      | 4841 ||| DROPPING +1 robe "Sadefal" {Int+3}.
  4842 | D:6      | 4842 ||| UPGRADING to amulet of reflection.
  4847 | D:6      | 4847 ||| READING scroll labelled NAD ECSAK.
  4848 | D:6      | 4848 ||| READING 2 scrolls of identify.
  4848 | D:6      | 4848 ||| IDENTIFYING viscous sapphire potion
  4849 | D:6      | 4849 ||| DROPPING potion of lignification.
  4885 | D:7      | Noticed Maggie
  4892 | D:7      | Found Xetolauj's Armour Shoppe.
  4907 | D:7      | HP: 17/79 [something (4)]
  4908 | D:7      | 4908 ||| READING 4 scrolls of teleportation.
  4908 | D:7      | HP: 8/79 [something (4)]
  4908 | D:7      | HP: 3/79 [something (5)]
  4908 | D:7      | Slain by Maggie

Levels and vault maps discovered:
D:1:      spicycebolla_arrival_transporter_tutorial, layout_loops_ring,
          roderic_lattice_a
D:2:      layout_loops_corners, uniq_jessica
D:3:      kennysheep_slugbush, layout_rooms, nicolae_wu_jian_wuxing_cycle,
          nicolae_gozag_cash_rules_everything_around_me, uniq_sigmund,
          uniq_natasha, uniq_ijyb
D:4:      layout_basic, st_stairs_11, uniq_menkaure, uniq_eustachio
D:5:      layout_rooms, mainiacjoe_overflow_cross_hatched,
          chequers_temple_overflow_statue_of_worship
D:6:      layout_gridville, hangedman_decor_points, nicolae_inconvenience_store,
          uniq_duvessa
D:7:      layout_rooms, minmay_temple_entry_offerings, serial_shops,
          nicolae_shop_scrapyard, serial_co_window_serial, co_window_paths_a,
          co_window_paths_b, co_window_paths_b, co_window_cross_1,
          co_window_corner_a, co_window_2corner, co_window_cross_2,
          co_window_paths_c, co_window_2corner, co_window_paths_e,
          glass_columns_a, glass_columns_b, glass_columns_c, glass_columns_c,
          glass_columns_c, uniq_crazy_yiuf_cottage, uniq_maggie

Skill      XL: |  1  2  3  4  5  6  7  8  9 |
---------------+----------------------------+-----
Ranged Weapons | 5 7 8 9 11 | 11.7
Fighting       | 3 4 5 7 |  7.1
Armour         | 1 2 |  2.3
Dodging        | 4 5 |  5.3
Stealth        | |  0.7

Action                     |  1- 3 |  4- 6 |  7- 9 || total
---------------------------+-------+-------+-------++-------
   Fire: Shortbow          |    81 |   142 |   312 ||   535
         Orcbow            |       |       |    41 ||    41
    Use: Scroll            |     4 |     2 |     9 ||    15
         Potion            |       |       |     2 ||     2
 Armour: Leather armour    |     1 |    10 |    15 ||    26
         Robe              |       |    13 |    51 ||    64
  Dodge: Dodged            |     9 |    34 |   127 ||   170
  Block: Other             |       |       |     6 ||     6

Table legend:
 A = Non-vault XP
 B = Vault XP
 C = Vault XP percentage of total XP
 D = Non-vault monster count
 E = Vault monster count
 F = Vault count percentage of total count
                 A         B        C        D         E       F
            +---------+---------+-------+---------+---------+-------
      Total |    2502 |     963 |  27.8 |     117 |      18 |  13.3
            +---------+---------+-------+---------+---------+-------
        D:1 |      37 |       0 |   0.0 |      22 |       0 |   0.0
        D:2 |      37 |      37 |  50.0 |      14 |       1 |   6.7
        D:3 |      60 |     327 |  84.5 |       9 |      10 |  52.6
        D:4 |     326 |     392 |  54.6 |      20 |       5 |  20.0
        D:5 |     751 |       0 |   0.0 |      18 |       0 |   0.0
        D:6 |    1270 |     207 |  14.0 |      29 |       2 |   6.5
        D:7 |      21 |       0 |   0.0 |       5 |       0 |   0.0
            +---------+---------+-------+---------+---------+-------
